 Dungeon Crawl Stone Soup version 0.31.0-1-g2c135a008e (webtiles) character file.

Game seed: 2411405494157236562

21341 qw the Skirmisher (level 13, -4/94 HPs)
             Began as a Djinni Hunter on Jan 23, 2024.
             Was a High Priest of Okawaru.
             Slain by a death yak (25 damage)
             ... on level 3 of the Lair of Beasts.
             The game lasted 00:01:54 (10248 turns).

qw the Skirmisher (Djinni Hunter)                  Turns: 10248, Time: 00:01:55

Health: -4/94      AC: 10    Str: 10    XL:     13   Next: 19%
Gold:   346        EV: 22    Int: 11    God:    Okawaru [*****.] SH:  0 Dex: 28

rFire   + + .        o - +0 orcbow
rCold   x . .        (shield currently unavailable)
rNeg    . . .        c - +1 troll leather armour {Pargi}
rPois   inf          a - +0 helmet
rElec   .            b - scarf {repulsion}
rCorr   .            i - +0 pair of gloves
SInv    .            (boots unavailable)
Will    +....        p - amulet of faith
Stlth   ++           l - +6 ring of dexterity
HPRegen 1.15/turn    m - +4 ring of protection
MPRegen 0.00/turn

%: repel missiles, faith, infuse magic (-5 HP)
@: finesse-ful, flying
A: sickness immunity, fire resistance 2, cold vulnerability 1, float, innate
caster, HP casting, extra vitality 1
a: Renounce Religion, Heroism, Finesse, Duel


You were on level 3 of the Lair of Beasts.
You worshipped Okawaru.
Okawaru was extremely pleased with you.
You visited 3 branches of the dungeon, and saw 12 of its levels.
You also visited: Sewer.

You collected 489 gold pieces.
You spent 143 gold pieces at shops.


Innate Abilities, Weirdness & Mutations

You are immune to sickness and miasma.
You are immune to poison.
Your flesh is very heat resistant. (rF++)
You are vulnerable to cold. (rC-)
You float through the air rather than walking.
You learn spells naturally, not from books.
Your magical power is your life essence.
You have superior vitality. (+4 MHP)


   Skills:
 - Level 9.0 Fighting
 + Level 11.3 Ranged Weapons
 - Level 3.1 Armour
 - Level 11.2 Dodging
 - Level 0.7 Stealth
 - Level 10.1 Invocations


You knew the following spells:

 Your Spells              Type           Power      Damage    Failure   Level
a - Magic Dart            Conj           0%         1d3       43%         1
b - Static Discharge      Conj/Air       0%         3-3/arc   56%         2
c - Call Canine Familiar  Summ           0%         N/A       80%         3
d - Frozen Ramparts       Ice            0%         1d1       80%         3
e - Borgnjor's Vile Clut  Necr/Erth      0%         N/A       100%        5
f - Summon Mana Viper     Hex/Summ       0%         N/A       100%        5
Your spell library was empty.

Inventory:

Hand Weapons
 o - a +0 orcbow (weapon)
Armour
 a - a +0 helmet (worn)
 b - a scarf of repulsion (worn)
 c - a +1 troll leather armour (worn) {Pargi}
 i - a +0 pair of gloves (worn)
 r - a +0 cloak
Jewellery
 l - a +6 ring of dexterity (left hand)
 m - a +4 ring of protection (right hand)
 p - an amulet of faith (around neck)
Wands
 j - a wand of mindburst (37)
 n - a wand of digging (5)
Potions
 d - 3 potions of might
 f - 2 potions of haste
 g - 2 potions of curing
 h - 2 potions of enlightenment

Dungeon Overview and Level Annotations

Branches:
Dungeon (8/15)             Temple (1/1) D:4            Lair (3/5) D:8
  Sewer (visited)
  Swamp: Lair:2-3    Shoals: Lair:2-3     Snake: Lair:2-3    Spider: Lair:2-3

Altars:
Ashenzari
Cheibriados
Dithmenos
Elyvilon
Gozag
Hepliaklqana
Makhleb
Nemelex Xobeh
Okawaru
Trog
Uskayaw
Wu Jian
Xom
Yredelemnul
Zin
The Shining One

Shops:
D:1 =   D:5 !   D:6 **


Message History

The death yak is lightly wounded.
You shoot an arrow. The arrow hits the death yak.
The death yak is moderately wounded.
You shoot an arrow. The arrow hits the death yak!
The death yak is moderately wounded.
You shoot an arrow. The arrow hits the death yak!
The death yak is heavily wounded.
The death yak gores you!!
You shoot an arrow. The arrow hits the death yak!!
The death yak is severely wounded.
You shoot an arrow. The arrow hits the death yak!!
You kill the death yak!
Okawaru accepts your kill.
You hear an angry hiss.
You shoot an arrow.
The arrow hits the death yak but does no damage.
A water moccasin comes into view.
You shoot an arrow. The arrow hits the death yak.
The death yak is lightly wounded.
The death yak completely misses you.
You shoot an arrow. The arrow barely misses the death yak.
You shoot an arrow. The arrow barely misses the death yak.
The death yak gores you!
You shoot an arrow. The arrow hits the death yak!
The death yak is moderately wounded.
You shoot an arrow.
The arrow hits the death yak but does no damage.
The death yak is moderately wounded.
The death yak completely misses you.
You shoot an arrow. The arrow hits the death yak!
The death yak is moderately wounded.
You shoot an arrow.
The arrow hits the death yak but does no damage.
The death yak is moderately wounded.
The death yak gores you!!
You shoot an arrow. The arrow barely misses the death yak.
You shoot an arrow. The arrow hits the death yak.
The death yak is heavily wounded.
The death yak gores you!!
You die...

.......#...####Y
.....P#........
#P......Y... #P..%#
###.## #..#
###S###P###
.##...#####.#Y.......
.#.........@#..#.###
...#####<.##### ##.P
#.## #..### #.P# #
#...P####.##
###P.#..P.#.##.#
.PP....<...%%%(#
P....ยค#P#.#..###
#..#. #####.##


You could see a death yak and a water moccasin.

Vanquished Creatures
  2 boulder beetles
  5 death yaks (Lair:3)
  A two-headed ogre (D:7)
  A centaur warrior (D:8)
  Pikel (D:6)
  8 elephants (Lair:2)
  Jeremiah (D:6)
  3 cane toads (Lair:1)
  4 komodo dragons (Lair:2)
  Prince Ribbit (D:6)
  15 blink frogs
  Grinder (D:6)
  13 yaks
  3 wyverns
  Duvessa (D:6)
  4 water moccasins
  A black bear (D:5)
  3 orc warriors (D:8)
  2 sky beasts (D:7)
  Pargi (Sewer)
  A centaur (D:8)
  9 wolves
  2 ogres (D:6)
  A phantom (D:5)
  A lemure (D:6)
  3 kobold brigands
  8 bullfrogs
  A gnoll sergeant (D:7)
  A brain worm (Sewer)
  4 scorpions
  10 wights
  Dowan (D:6)
  8 killer bees
  An electric eel (Lair:2)
  3 howler monkeys
  3 jellies
  5 hounds
  5 orc priests
  A gnoll bouda (D:8)
  3 iguanas
  6 orc wizards
  4 sleepcaps
  Natasha (thrice) (D:2)
  9 gnolls
  5 adders
  A shadow imp (D:7)
  6 ribbon worms
  5 dart slugs
  31 orcs
  13 ball pythons
  4 bats (D:1)
  11 endoplasms
  7 giant cockroaches
  9 goblins
  6 hobgoblins
  17 jackals
  8 quokkas
  4 frilled lizards
  20 kobolds
  6 rats
317 creatures vanquished.

Notes
Turn   | Place    | Note
-------+----------+-------------------------------------------
     0 | D:1      | qw the Djinni Hunter began the quest for the Orb.
     0 | D:1      | Reached XP level 1. HP: 18/18 MP: 0/0
     0 | D:1      | 0 ||| qw: Version: 0.3-a-135-gb77e89d
     0 | D:1      | 0 ||| qw: Game counter: 925
     0 | D:1      | 0 ||| qw: Melee chars always use a shield: true
     0 | D:1      | 0 ||| qw: God list: Okawaru
     0 | D:1      | 0 ||| qw: Allow faded altars: false
     0 | D:1      | 0 ||| qw: Do Orc after clearing Dungeon:15 true
     0 | D:1      | 0 ||| qw: Do second Lair branch before Depths: true
     0 | D:1      | 0 ||| qw: Lair rune preference: random
     0 | D:1      | 0 ||| qw: Goals: Normal
     0 | D:1      | 0 ||| PLANNING D:1-11
    39 | D:1      | HP: 4/18 [jackal (3)]
    47 | D:1      | Reached XP level 2. HP: 6/23 MP: 0/0
   218 | D:1      | Found Wegu Ihi's Jewellery Shop.
   223 | D:1      | 223 ||| SHOPLISTING amulet of reflection (330 gold, have
                  | 33).
   223 | D:1      | 223 ||| SHOPLISTING amulet of regeneration (330 gold, have
                  | 33).
   223 | D:1      | 223 ||| SHOPLISTING ring of fire (275 gold, have 33).
   223 | D:1      | 223 ||| SHOPLISTING ring of ice (275 gold, have 33).
   223 | D:1      | 223 ||| SHOPLISTING ring of positive energy (220 gold, have
                  | 33).
   223 | D:1      | 223 ||| SHOPLISTING ring of willpower (275 gold, have 33).
   225 | D:1      | Reached XP level 3. HP: 28/28 MP: 0/0
   225 | D:1      | Learned a level 1 spell: Magic Dart
   648 | D:1      | 648 ||| READING scroll labelled NOFIP AFAASS.
   649 | D:1      | 649 ||| DROPPING scroll of butterflies.
   693 | D:2      | Reached XP level 4. HP: 34/34 MP: 0/0
   710 | D:2      | Reached skill level 3 in Fighting
   832 | D:2      | Noticed Natasha
   840 | D:2      | Killed Natasha
   841 | D:2      | Reached skill level 3 in Dodging
  1074 | D:2      | Reached XP level 5. HP: 40/40 MP: 0/0
  1074 | D:2      | Learned a level 2 spell: Static Discharge
  1080 | D:2      | Found an ornate altar of the Wu Jian Council.
  1211 | D:2      | Noticed Natasha
  1218 | D:2      | Killed Natasha
  1391 | D:2      | 1391 ||| UPGRADING to +0 ring mail.
  1401 | D:2      | 1401 ||| DROPPING +0 leather armour.
  1402 | D:2      | 1402 ||| UPGRADING to +6 ring of dexterity.
  1403 | D:2      | 1403 ||| READING scroll labelled WAKKISHIUSH.
  1404 | D:2      | 1404 ||| READING scroll labelled YNY QATHRUWKI.
  1408 | D:2      | 1408 ||| READING scroll labelled ESTEAC QOUNIVE.
  1409 | D:2      | 1409 ||| READING scroll labelled DUSACV DOOMITY.
  1409 | D:2      | 1409 ||| IDENTIFYING fuming orange potion
  1410 | D:2      | 1410 ||| DROPPING potion of berserk rage.
  1414 | D:2      | Noticed Natasha
  1426 | D:2      | Killed Natasha
  1427 | D:2      | Reached skill level 1 in Armour
  1519 | D:3      | 1519 ||| PLANNING SEWER
  1599 | D:3      | Reached XP level 6. HP: 46/46 MP: 0/0
  1872 | D:3      | 1872 ||| FLEEEEING.
  1873 | D:3      | 1873 ||| FLEEEEING.
  1874 | D:3      | 1874 ||| FLEEEEING.
  1875 | D:3      | 1875 ||| FLEEEEING.
  1876 | D:3      | 1876 ||| FLEEEEING.
  2080 | D:3      | Found a glowing drain.
  2082 | D:3      | 2082 ||| UPGRADING to scarf of repulsion.
  2087 | D:3      | 2087 ||| READING 2 scrolls of identify.
  2087 | D:3      | 2087 ||| IDENTIFYING clear potion
  2088 | D:3      | 2088 ||| DRINKING potion of mutation.
  2088 | D:3      | Gained mutation: Your body sometimes deteriorates upon
                  | taking damage. [potion of mutation]
  2088 | D:3      | Gained mutation: Your mind is acute. (Int +4, Str/Dex -1)
                  | [potion of mutation]
  2088 | D:3      | Gained mutation: You are partially covered in iridescent
                  | scales. (AC +2) [potion of mutation]
  2088 | D:3      | Gained mutation: Your spells are a little harder to cast,
                  | but a little more powerful. [potion of mutation]
  2089 | D:3      | 2089 ||| READING scroll of identify.
  2089 | D:3      | 2089 ||| IDENTIFYING fizzy black potion
  2097 | Sewer    | Entered a sewer
  2181 | Sewer    | Noticed Pargi
  2198 | Sewer    | Killed Pargi
  2199 | Sewer    | Reached XP level 7. HP: 45/53 MP: 0/0
  2199 | Sewer    | Learned a level 3 spell: Call Canine Familiar
  2373 | Sewer    | 2373 ||| READING scroll labelled PATEJE TISSO.
  2373 | Sewer    | 2373 ||| ENCHANTING +0 shortbow.
  2374 | Sewer    | 2374 ||| READING scroll labelled MALUASAWAD.
  2393 | Sewer    | 2393 ||| UPGRADING to +0 troll leather armour {Pargi}.
  2403 | Sewer    | 2403 ||| DROPPING +0 ring mail.
  2406 | D:3      | 2406 ||| PLANNING D:1-11
  2695 | D:3      | 2695 ||| READING scroll of identify.
  2695 | D:3      | 2695 ||| IDENTIFYING golden potion
  2696 | D:3      | 2696 ||| READING scroll labelled JETWIPLA EDGHO.
  2765 | D:4      | Found a staircase to the Ecumenical Temple.
  2766 | D:4      | 2766 ||| PLANNING TEMPLE
  2766 | D:4      | 2766 ||| DRINKING 2 fuming blue potions.
  2779 | Temple   | Entered the Ecumenical Temple
  2780 | Temple   | 2780 ||| PLANNING D:1-11
  3282 | D:4      | Found a glowing silver altar of Zin.
  3342 | D:4      | 3342 ||| READING scroll of identify.
  3342 | D:4      | 3342 ||| IDENTIFYING brown potion
  3347 | D:5      | Entered Level 5 of the Dungeon
  3469 | D:5      | Reached skill level 6 in Ranged Weapons
  3469 | D:5      | Reached XP level 8. HP: 58/58 MP: 0/0
  3616 | D:5      | Found Zual Zaurid's Distillery.
  3619 | D:5      | 3619 ||| BUYING 2 potions of might (88 gold).
  3619 | D:5      | Bought 2 potions of might for 88 gold pieces
  3619 | D:5      | 3619 ||| SHOPLISTING 2 potions of resistance (220 gold,
                  | have 57).
  3619 | D:5      | 3619 ||| BUYING potion of heal wounds (55 gold).
  3619 | D:5      | Bought a potion of heal wounds for 55 gold pieces
  3619 | D:5      | 3619 ||| SHOPLISTING potion of might (44 gold, have 2).
  3619 | D:5      | 3619 ||| SHOPLISTING potion of mutation (88 gold, have 2).
  3726 | D:5      | Found a white marble altar of Elyvilon.
  4213 | D:5      | 4213 ||| UPGRADING to +4 ring of protection.
  4214 | D:5      | 4214 ||| READING scroll labelled SEPAKI MOUDGH.
  4280 | D:6      | Found Neinood's Specific Store.
  4293 | D:6      | Found Caimmiv's General Store.
  4297 | D:6      | 4297 ||| SHOPLISTING wand of polymorph (7) (98 gold, have
                  | 2).
  4301 | D:6      | 4301 ||| SHOPLISTING wand of flame (15) (147 gold, have 2).
  4392 | D:6      | Found a hazy altar of Hepliaklqana.
  4405 | D:6      | 4405 ||| DRINKING 2 potions of curing.
  4405 | D:6      | 4405 ||| (to cure confusion)
  4537 | D:6      | Reached skill level 6 in Dodging
  4569 | D:6      | Reached XP level 9. HP: 65/65 MP: 0/0
  4569 | D:6      | Learned a level 3 spell: Frozen Ramparts
  4569 | D:6      | Noticed Dowan
  4574 | D:6      | Killed Dowan
  4574 | D:6      | Noticed Duvessa
  4589 | D:6      | HP: 12/65 [Duvessa/+0 rapier (14)]
  4590 | D:6      | 4590 ||| READING 4 scrolls of teleportation.
  4591 | D:6      | 4591 ||| DRINKING 2 potions of heal wounds.
  4674 | D:6      | Found an iron altar of Okawaru.
  4675 | D:6      | 4675 ||| PLANNING OKAWARU WORSHIP
  4675 | D:6      | 4675 ||| UPGRADING to amulet of faith.
  4680 | D:6      | 4680 ||| READING 2 scrolls of identify.
  4680 | D:6      | 4680 ||| IDENTIFYING murky clear potion
  4681 | D:6      | 4681 ||| READING scroll of identify.
  4681 | D:6      | 4681 ||| IDENTIFYING glowing orange potion
  4682 | D:6      | 4682 ||| READING scroll labelled BEHETI AREY.
  4787 | D:6      | 4787 ||| DRINKING 3 fizzy emerald potions.
  4838 | D:6      | 4838 ||| DROPPING potion of ambrosia.
  4839 | D:6      | 4839 ||| DROPPING 2 potions of lignification.
  4840 | D:6      | 4840 ||| DROPPING wand of flame (28).
  4841 | D:6      | 4841 ||| DROPPING potion of brilliance.
  4852 | D:6      | Found a basalt altar of Yredelemnul.
  4854 | D:6      | Became a worshipper of Warmaster Okawaru
  4855 | D:6      | 4855 ||| PLANNING D:1-11
  5003 | D:6      | Noticed Grinder
  5004 | D:6      | 5004 ||| DRINKING 3 potions of haste.
  5006 | D:6      | Paralysed by Grinder for 3 turns
  5019 | D:6      | Paralysed by Grinder for 5 turns
  5026 | D:6      | Killed Grinder
  5142 | D:6      | Noticed Jeremiah
  5142 | D:6      | Noticed Prince Ribbit
  5145 | D:6      | 5145 ||| DRINKING 2 potions of haste.
  5146 | D:6      | 5146 ||| FLEEEEING.
  5147 | D:6      | 5147 ||| FLEEEEING.
  5148 | D:6      | 5148 ||| FLEEEEING.
  5149 | D:6      | 5149 ||| FLEEEEING.
  5158 | D:6      | Killed Prince Ribbit
  5158 | D:6      | Reached * piety under Okawaru
  5160 | D:6      | 5160 ||| FLEEEEING.
  5161 | D:6      | 5161 ||| FLEEEEING.
  5163 | D:6      | 5163 ||| FLEEEEING.
  5185 | D:6      | 5185 ||| INVOKING Heroism.
  5186 | D:6      | 5186 ||| INVOKING Heroism.
  5187 | D:6      | Killed Jeremiah
  5187 | D:6      | Reached ** piety under Okawaru
  5203 | D:6      | 5203 ||| INVOKING Heroism.
  5222 | D:6      | Killed Duvessa
  5275 | D:6      | Found a sparkling altar of Nemelex Xobeh.
  5280 | D:6      | Found an opulent altar of Gozag.
  5284 | D:6      | Found a bloodstained altar of Trog.
  5342 | D:6      | 5342 ||| READING scroll labelled EPRAOS KAFUYK.
  5343 | D:6      | 5343 ||| READING scroll labelled SYIGOA CULO.
  5493 | D:7      | Noticed Pikel
  5494 | D:7      | 5494 ||| STAIRDANCE
  5507 | D:7      | 5507 ||| STAIRDANCE
  5509 | D:6      | 5509 ||| INVOKING Heroism.
  5520 | D:6      | Killed Pikel
  5521 | D:6      | Reached skill level 6 in Fighting
  5521 | D:6      | Reached skill level 3 in Invocations
  5521 | D:6      | Reached XP level 10. HP: 28/73 MP: 0/0
  5671 | D:7      | 5671 ||| FLEEEEING.
  5826 | D:7      | HP: 17/73 [gnoll sergeant/+4 spear of venom (3)]
  5827 | D:7      | 5827 ||| READING 3 scrolls of teleportation.
  5828 | D:7      | 5828 ||| DRINKING 2 potions of heal wounds.
  5832 | D:7      | Found a shimmering altar of Xom.
  5833 | D:7      | 5833 ||| RETREEEEATING.
  5834 | D:7      | 5834 ||| RETREEEEATING.
  5841 | D:7      | 5841 ||| RETREEEEATING.
  5842 | D:7      | 5842 ||| RETREEEEATING.
  5843 | D:7      | 5843 ||| RETREEEEATING.
  5844 | D:7      | 5844 ||| RETREEEEATING.
  5844 | D:7      | HP: 15/73 [bullfrog (7)]
  5845 | D:7      | 5845 ||| READING 2 scrolls of teleportation.
  5846 | D:7      | 5846 ||| DRINKING potion of heal wounds.
  5847 | D:7      | 5847 ||| RETREEEEATING.
  5848 | D:7      | 5848 ||| RETREEEEATING.
  5849 | D:7      | 5849 ||| RETREEEEATING.
  5849 | D:7      | HP: 18/73 [killer bee (5)]
  5850 | D:7      | 5850 ||| RETREEEEATING.
  5851 | D:7      | 5851 ||| RETREEEEATING.
  5852 | D:7      | 5852 ||| RETREEEEATING.
  5853 | D:7      | 5853 ||| READING scroll of teleportation.
  5854 | D:7      | 5854 ||| RETREEEEATING.
  5855 | D:7      | HP: 3/73 [wight/+3 halberd (10)]
  5992 | D:7      | Reached skill level 9 in Ranged Weapons
  6071 | D:7      | Identified the +1 sling "Tusuggen" {elec, rElec rC- Dex+3}
  6082 | D:7      | Reached *** piety under Okawaru
  6089 | D:7      | 6089 ||| SWAPPING to +1 sling "Tusuggen" {elec, rElec rC-
                  | Dex+3}.
  6140 | D:7      | 6140 ||| READING scroll of enchant armour.
  6140 | D:7      | 6140 ||| ENCHANTING +0 troll leather armour {Pargi}.
  6291 | D:7      | Noticed a two-headed ogre
  6292 | D:7      | 6292 ||| INVOKING Heroism.
  6303 | D:7      | Killed a two-headed ogre
  6304 | D:7      | Reached skill level 9 in Dodging
  6512 | D:7      | 6512 ||| READING scroll labelled ARIBBIACYG.
  6616 | D:8      | 6616 ||| FLEEEEING.
  6751 | D:8      | Reached **** piety under Okawaru
  6868 | D:8      | Identified the +6 quarterstaff "Ysmez" {flame, *Slow rPois
                  | Int+3}
  6869 | D:8      | 6869 ||| SWAPPING to +0 orcbow.
  6870 | D:8      | 6870 ||| DROPPING +0 shortbow.
  6871 | D:8      | 6871 ||| DROPPING +1 sling "Tusuggen" {elec, rElec rC-
                  | Dex+3}.
  6887 | D:8      | Reached XP level 11. HP: 79/79 MP: 0/0
  6887 | D:8      | Learned a level 5 spell: Borgnjor's Vile Clutch
  6917 | D:8      | Found a staircase to the Lair.
  7397 | D:8      | 7397 ||| DRINKING potion of mutation.
  7397 | D:8      | Lost mutation: Your body sometimes deteriorates upon taking
                  | damage. [potion of mutation]
  7397 | D:8      | Lost mutation: You are partially covered in iridescent
                  | scales. (AC +2) [potion of mutation]
  7397 | D:8      | Lost mutation: Your spells are a little harder to cast, but
                  | a little more powerful. [potion of mutation]
  7397 | D:8      | Lost mutation: Your mind is acute. (Int +4, Str/Dex -1)
                  | [potion of mutation]
  7482 | D:8      | Noticed a centaur warrior
  7483 | D:8      | 7483 ||| INVOKING Finesse.
  7484 | D:8      | 7484 ||| INVOKING Finesse.
  7485 | D:8      | 7485 ||| INVOKING Finesse.
  7497 | D:8      | Killed a centaur warrior
  7502 | D:8      | Reached skill level 6 in Invocations
  7625 | D:8      | 7625 ||| PLANNING LAIR
  7625 | D:8      | 7625 ||| UPGRADING to +0 pair of gloves.
  7630 | D:8      | 7630 ||| DRINKING 3 smoky pink potions.
  7631 | D:8      | 7631 ||| DROPPING 2 potions of attraction.
  7674 | Lair:1   | Entered Level 1 of the Lair of Beasts
  7676 | Lair:1   | 7676 ||| RETREEEEATING.
  7677 | Lair:1   | 7677 ||| RETREEEEATING.
  7678 | Lair:1   | 7678 ||| RETREEEEATING.
  7679 | Lair:1   | 7679 ||| RETREEEEATING.
  7680 | Lair:1   | 7680 ||| RETREEEEATING.
  7682 | Lair:1   | 7682 ||| INVOKING Finesse.
  7810 | Lair:1   | Reached ***** piety under Okawaru
  8113 | Lair:1   | 8113 ||| RETREEEEATING.
  8114 | Lair:1   | 8114 ||| RETREEEEATING.
  8115 | Lair:1   | 8115 ||| RETREEEEATING.
  8116 | Lair:1   | 8116 ||| RETREEEEATING.
  8117 | Lair:1   | 8117 ||| RETREEEEATING.
  8118 | Lair:1   | 8118 ||| RETREEEEATING.
  8119 | Lair:1   | 8119 ||| RETREEEEATING.
  8120 | Lair:1   | 8120 ||| RETREEEEATING.
  8121 | Lair:1   | 8121 ||| RETREEEEATING.
  8122 | Lair:1   | 8122 ||| RETREEEEATING.
  8123 | Lair:1   | 8123 ||| RETREEEEATING.
  8259 | Lair:1   | 8259 ||| RETREEEEATING.
  8264 | Lair:1   | 8264 ||| RETREEEEATING.
  8322 | Lair:1   | 8322 ||| RETREEEEATING.
  8326 | Lair:1   | 8326 ||| RETREEEEATING.
  8327 | Lair:1   | 8327 ||| RETREEEEATING.
  8328 | Lair:1   | 8328 ||| RETREEEEATING.
  8330 | Lair:1   | 8330 ||| RETREEEEATING.
  8333 | Lair:1   | 8333 ||| RETREEEEATING.
  8334 | Lair:1   | 8334 ||| RETREEEEATING.
  8345 | Lair:1   | 8345 ||| RETREEEEATING.
  8346 | Lair:1   | 8346 ||| RETREEEEATING.
  8347 | Lair:1   | 8347 ||| RETREEEEATING.
  8348 | Lair:1   | 8348 ||| RETREEEEATING.
  8349 | Lair:1   | 8349 ||| RETREEEEATING.
  8350 | Lair:1   | 8350 ||| RETREEEEATING.
  8351 | Lair:1   | 8351 ||| RETREEEEATING.
  8352 | Lair:1   | 8352 ||| RETREEEEATING.
  8353 | Lair:1   | 8353 ||| RETREEEEATING.
  8354 | Lair:1   | 8354 ||| RETREEEEATING.
  8355 | Lair:1   | 8355 ||| RETREEEEATING.
  8356 | Lair:1   | 8356 ||| RETREEEEATING.
  8357 | Lair:1   | 8357 ||| RETREEEEATING.
  8361 | Lair:1   | 8361 ||| RETREEEEATING.
  8362 | Lair:1   | 8362 ||| RETREEEEATING.
  8363 | Lair:1   | 8363 ||| RETREEEEATING.
  8364 | Lair:1   | 8364 ||| RETREEEEATING.
  8365 | Lair:1   | 8365 ||| RETREEEEATING.
  8366 | Lair:1   | 8366 ||| RETREEEEATING.
  8367 | Lair:1   | 8367 ||| RETREEEEATING.
  8368 | Lair:1   | 8368 ||| RETREEEEATING.
  8369 | Lair:1   | 8369 ||| RETREEEEATING.
  8370 | Lair:1   | 8370 ||| RETREEEEATING.
  8371 | Lair:1   | 8371 ||| RETREEEEATING.
  8372 | Lair:1   | 8372 ||| RETREEEEATING.
  8373 | Lair:1   | 8373 ||| RETREEEEATING.
  8374 | Lair:1   | 8374 ||| RETREEEEATING.
  8376 | Lair:1   | 8376 ||| INVOKING Finesse.
  8421 | Lair:1   | Received a gift from Okawaru
  8646 | Lair:1   | 8646 ||| UPGRADING to +0 helmet.
  8683 | Lair:2   | 8683 ||| STAIRDANCE
  8683 | Lair:2   | Noticed an elephant
  8687 | Lair:1   | Reached XP level 12. HP: 68/86 MP: 0/0
  8705 | Lair:2   | 8705 ||| STAIRDANCE
  8732 | Lair:2   | 8732 ||| RETREEEEATING.
  8733 | Lair:2   | 8733 ||| RETREEEEATING.
  8734 | Lair:2   | 8734 ||| RETREEEEATING.
  8735 | Lair:2   | 8735 ||| RETREEEEATING.
  8736 | Lair:2   | 8736 ||| RETREEEEATING.
  8737 | Lair:2   | 8737 ||| RETREEEEATING.
  8738 | Lair:2   | 8738 ||| RETREEEEATING.
  8739 | Lair:2   | 8739 ||| RETREEEEATING.
  8740 | Lair:2   | 8740 ||| RETREEEEATING.
  8741 | Lair:2   | 8741 ||| RETREEEEATING.
  8742 | Lair:2   | 8742 ||| RETREEEEATING.
  8743 | Lair:2   | 8743 ||| RETREEEEATING.
  8744 | Lair:2   | 8744 ||| RETREEEEATING.
  8751 | Lair:2   | HP: 20/86 [elephant (10)]
  8752 | Lair:2   | 8752 ||| READING 2 scrolls of teleportation.
  8753 | Lair:2   | 8753 ||| RETREEEEATING.
  8754 | Lair:2   | 8754 ||| RETREEEEATING.
  8755 | Lair:2   | 8755 ||| RETREEEEATING.
  8756 | Lair:2   | 8756 ||| RETREEEEATING.
  8759 | Lair:2   | 8759 ||| READING scroll of teleportation.
  8760 | Lair:2   | HP: 12/86 [elephant (7)]
  8762 | Lair:2   | 8762 ||| RETREEEEATING.
  8903 | Lair:2   | Noticed a boulder beetle
  8904 | Lair:2   | 8904 ||| INVOKING Finesse.
  8935 | Lair:2   | Killed a boulder beetle
  9000 | Lair:2   | 9000 ||| RETREEEEATING.
  9001 | Lair:2   | 9001 ||| RETREEEEATING.
  9007 | Lair:2   | 9007 ||| RETREEEEATING.
  9008 | Lair:2   | 9008 ||| RETREEEEATING.
  9009 | Lair:2   | 9009 ||| RETREEEEATING.
  9010 | Lair:2   | 9010 ||| RETREEEEATING.
  9011 | Lair:2   | 9011 ||| RETREEEEATING.
  9012 | Lair:2   | 9012 ||| RETREEEEATING.
  9013 | Lair:2   | 9013 ||| RETREEEEATING.
  9014 | Lair:2   | 9014 ||| RETREEEEATING.
  9020 | Lair:2   | 9020 ||| INVOKING Finesse.
  9051 | Lair:2   | Reached skill level 9 in Invocations
  9106 | Lair:2   | 9106 ||| RETREEEEATING.
  9110 | Lair:2   | 9110 ||| RETREEEEATING.
  9111 | Lair:2   | 9111 ||| RETREEEEATING.
  9121 | Lair:2   | 9121 ||| INVOKING Finesse.
  9128 | Lair:2   | 9128 ||| RETREEEEATING.
  9131 | Lair:2   | 9131 ||| RETREEEEATING.
  9132 | Lair:2   | 9132 ||| RETREEEEATING.
  9133 | Lair:2   | 9133 ||| RETREEEEATING.
  9134 | Lair:2   | 9134 ||| RETREEEEATING.
  9135 | Lair:2   | 9135 ||| RETREEEEATING.
  9136 | Lair:2   | 9136 ||| RETREEEEATING.
  9137 | Lair:2   | 9137 ||| RETREEEEATING.
  9138 | Lair:2   | 9138 ||| RETREEEEATING.
  9139 | Lair:2   | 9139 ||| RETREEEEATING.
  9140 | Lair:2   | 9140 ||| RETREEEEATING.
  9147 | Lair:2   | 9147 ||| RETREEEEATING.
  9152 | Lair:2   | 9152 ||| RETREEEEATING.
  9153 | Lair:2   | 9153 ||| RETREEEEATING.
  9154 | Lair:2   | 9154 ||| RETREEEEATING.
  9155 | Lair:2   | 9155 ||| RETREEEEATING.
  9156 | Lair:2   | 9156 ||| RETREEEEATING.
  9157 | Lair:2   | 9157 ||| RETREEEEATING.
  9192 | Lair:2   | HP: 17/86 [elephant (10)]
  9203 | Lair:2   | Received a gift from Okawaru
  9395 | Lair:2   | 9395 ||| RETREEEEATING.
  9397 | Lair:2   | 9397 ||| RETREEEEATING.
  9398 | Lair:2   | 9398 ||| RETREEEEATING.
  9399 | Lair:2   | 9399 ||| RETREEEEATING.
  9400 | Lair:2   | 9400 ||| RETREEEEATING.
  9404 | Lair:2   | 9404 ||| RETREEEEATING.
  9407 | Lair:2   | 9407 ||| RETREEEEATING.
  9410 | Lair:2   | 9410 ||| RETREEEEATING.
  9411 | Lair:2   | 9411 ||| RETREEEEATING.
  9412 | Lair:2   | 9412 ||| RETREEEEATING.
  9416 | Lair:2   | 9416 ||| RETREEEEATING.
  9417 | Lair:2   | 9417 ||| RETREEEEATING.
  9418 | Lair:2   | 9418 ||| RETREEEEATING.
  9419 | Lair:2   | 9419 ||| RETREEEEATING.
  9420 | Lair:2   | 9420 ||| RETREEEEATING.
  9421 | Lair:2   | 9421 ||| RETREEEEATING.
  9422 | Lair:2   | 9422 ||| RETREEEEATING.
  9423 | Lair:2   | 9423 ||| RETREEEEATING.
  9424 | Lair:2   | 9424 ||| RETREEEEATING.
  9425 | Lair:2   | 9425 ||| RETREEEEATING.
  9430 | Lair:2   | 9430 ||| RETREEEEATING.
  9431 | Lair:2   | 9431 ||| RETREEEEATING.
  9433 | Lair:2   | 9433 ||| RETREEEEATING.
  9434 | Lair:2   | 9434 ||| RETREEEEATING.
  9435 | Lair:2   | 9435 ||| RETREEEEATING.
  9436 | Lair:2   | 9436 ||| RETREEEEATING.
  9442 | Lair:2   | 9442 ||| RETREEEEATING.
  9444 | Lair:2   | 9444 ||| RETREEEEATING.
  9445 | Lair:2   | 9445 ||| RETREEEEATING.
  9447 | Lair:2   | 9447 ||| RETREEEEATING.
  9448 | Lair:2   | 9448 ||| RETREEEEATING.
  9449 | Lair:2   | 9449 ||| RETREEEEATING.
  9450 | Lair:2   | 9450 ||| RETREEEEATING.
  9451 | Lair:2   | 9451 ||| RETREEEEATING.
  9452 | Lair:2   | 9452 ||| RETREEEEATING.
  9453 | Lair:2   | 9453 ||| RETREEEEATING.
  9454 | Lair:2   | 9454 ||| RETREEEEATING.
  9455 | Lair:2   | 9455 ||| RETREEEEATING.
  9458 | Lair:2   | 9458 ||| RETREEEEATING.
  9460 | Lair:2   | 9460 ||| RETREEEEATING.
  9461 | Lair:2   | 9461 ||| RETREEEEATING.
  9462 | Lair:2   | 9462 ||| RETREEEEATING.
  9465 | Lair:2   | 9465 ||| RETREEEEATING.
  9466 | Lair:2   | 9466 ||| RETREEEEATING.
  9469 | Lair:2   | 9469 ||| RETREEEEATING.
 10035 | Lair:2   | 10035 ||| DROPPING ring of positive energy.
 10036 | Lair:2   | 10036 ||| READING scroll of identify.
 10036 | Lair:2   | 10036 ||| IDENTIFYING scroll labelled AXEUKH KADWO
 10037 | Lair:2   | 10037 ||| DROPPING scroll of immolation.
 10046 | Lair:3   | 10046 ||| RETREEEEATING.
 10047 | Lair:3   | 10047 ||| RETREEEEATING.
 10048 | Lair:3   | 10048 ||| RETREEEEATING.
 10049 | Lair:3   | 10049 ||| RETREEEEATING.
 10050 | Lair:3   | 10050 ||| RETREEEEATING.
 10051 | Lair:3   | 10051 ||| RETREEEEATING.
 10058 | Lair:3   | Noticed a boulder beetle
 10059 | Lair:3   | 10059 ||| RETREEEEATING.
 10060 | Lair:3   | 10060 ||| INVOKING Finesse.
 10074 | Lair:3   | Reached skill level 9 in Fighting
 10108 | Lair:3   | Killed a boulder beetle
 10108 | Lair:3   | Received a gift from Okawaru
 10154 | Lair:3   | Noticed a death yak
 10155 | Lair:3   | 10155 ||| INVOKING Finesse.
 10156 | Lair:3   | Noticed a death yak
 10162 | Lair:3   | Noticed a death yak
 10163 | Lair:3   | 10163 ||| RETREEEEATING.
 10170 | Lair:3   | Killed a death yak
 10171 | Lair:3   | Reached XP level 13. HP: 89/94 MP: 0/0
 10171 | Lair:3   | Learned a level 5 spell: Summon Mana Viper
 10185 | Lair:3   | 10185 ||| RETREEEEATING.
 10186 | Lair:3   | 10186 ||| RETREEEEATING.
 10187 | Lair:3   | 10187 ||| RETREEEEATING.
 10188 | Lair:3   | 10188 ||| RETREEEEATING.
 10212 | Lair:3   | Reached skill level 3 in Armour
 10230 | Lair:3   | Received a gift from Okawaru
 10246 | Lair:3   | HP: 20/94 [death yak (18)]
 10248 | Lair:3   | Slain by a death yak

Levels and vault maps discovered:
D:1:      matt_arrival_los_fun, layout_rooms, serial_shops,
          nicolae_shop_gaudy_bauble
D:2:      layout_loops_cross, basic_altar, uniq_natasha
D:3:      layout_basic, gup_sewer_entry_pipe, nicolae_wormholes
D:4:      layout_loops_ring, zin_treasury, minmay_temple_entry_glass
D:5:      black_bear_nest_1, layout_cave_pods, mainiacjoe_overflow_brackets,
          serial_shops, nicolae_shop_pleasant_corner_grove
D:6:      layout_loops_cross, minmay_overflow_temple_star_quad, minitemple,
          mainiacjoe_overflow_surrounded_room, nicolae_specific_store,
          uniq_grinder, uniq_duvessa, uniq_jeremiah, uniq_prince_ribbit1
D:7:      layout_loops_ring, xom_confusion_cloud, corner_web_ring, uniq_pikel
D:8:      minmay_inner_zag, layout_loops_corners
Temple:   hellmonk_temple_two_chambers
Lair:1:   layout_chaotic_city, minmay_hedge_maze, lemuel_fruit_tree,
          grunt_megastairs_2, infiniplex_staircase_pool_2, lemuel_fruit_fields
Lair:2:   layout_regular_city, serial_bayou_shore_a
Lair:3:   layout_loops_ring, swamp_mist, guppyfry_snake_entry_garden,
          hibernation_bobbens

Skill      XL: |  1  2  3  4  5  6  7  8  9 10 11 12 13 |
---------------+----------------------------------------+-----
Ranged Weapons | 4 5 6 7 8 9 10 11 | 11.3
Fighting       | 3 4 5 6 7 8 9 |  9.0
Dodging        | 3 4 6 7 9 10 11 | 11.2
Armour         | 1 2 3 |  3.1
Invocations    | 3 4 8 10 | 10.1
Stealth        | |  0.7

Action                     |  1- 3 |  4- 6 |  7- 9 | 10-12 | 13-15 || total
---------------------------+-------+-------+-------+-------+-------++-------
   Fire: Shortbow          |   103 |   195 |   405 |   163 |       ||   866
         Sling             |       |       |       |   123 |       ||   123
         Orcbow            |       |       |       |   700 |    74 ||   774
 Invoke: Heroism           |       |       |     3 |     1 |       ||     4
         Finesse           |       |       |       |     8 |       ||     8
    Use: Scroll            |     1 |     6 |    12 |     8 |       ||    27
         Potion            |       |     1 |     6 |     4 |       ||    11
 Armour: Leather armour    |    43 |    15 |       |       |       ||    58
         Ring mail         |       |    51 |     1 |       |       ||    52
         Troll leather arm |       |       |   106 |   418 |    17 ||   541
  Dodge: Dodged            |    56 |    70 |   159 |   802 |    22 ||  1109
         Repelled          |       |       |     3 |     1 |       ||     4

Table legend:
 A = Non-vault XP
 B = Vault XP
 C = Vault XP percentage of total XP
 D = Non-vault monster count
 E = Vault monster count
 F = Vault count percentage of total count
                 A         B        C        D         E       F
            +---------+---------+-------+---------+---------+-------
      Total |   26078 |    4410 |  14.5 |     270 |      46 |  14.6
            +---------+---------+-------+---------+---------+-------
        D:1 |      61 |       0 |   0.0 |      33 |       0 |   0.0
        D:2 |     153 |      35 |  18.6 |      31 |       1 |   3.1
        D:3 |      78 |      16 |  17.0 |      19 |       6 |  24.0
        D:4 |     275 |       0 |   0.0 |      23 |       0 |   0.0
        D:5 |     696 |     133 |  16.0 |      22 |       1 |   4.3
        D:6 |     809 |    1828 |  69.3 |      23 |       7 |  23.3
        D:7 |    1892 |     431 |  18.6 |      25 |       6 |  19.4
        D:8 |    2128 |     628 |  22.8 |      32 |       6 |  15.8
     Lair:1 |    5208 |    1097 |  17.4 |      23 |       7 |  23.3
     Lair:2 |    8796 |       0 |   0.0 |      28 |       0 |   0.0
     Lair:3 |    5982 |       0 |   0.0 |      11 |       0 |   0.0
      Sewer |       0 |     242 | 100.0 |       0 |      12 | 100.0
            +---------+---------+-------+---------+---------+-------
